 Dungeon Crawl Stone Soup version 0.18-a0-1523-gbe15c29 (webtiles) character file.

107 M4edhros the Insei (level 4, -1/35 HPs)
             Began as a Mummy Monk on Mar 7, 2016.
             Slain by an orc priest
             ... wielding a +0 flail
              (3 damage)
             ... on level 3 of the Dungeon.
             The game lasted 00:03:59 (4084 turns).

M4edhros the Insei (Mummy Monk)                     Turns: 4084, Time: 00:03:59

Health: -1/35      AC:  0    Str: 14    XL:     4   Next: 56%
Magic:  4/4        EV: 13    Int:  9    God:
Gold:   69         SH:  0    Dex: 15    Spells: 0 memorised, 3 levels left

rFire  x . .     SeeInvis .       - Unarmed
rCold  + . .     Gourm    .     (no armour)
rNeg   + + +     Faith    .     (no shield)
rPois  ∞         Spirit   .     (no helmet)
rElec  .         Dismiss  .     (no cloak)
rCorr  .         Reflect  .     (no gloves)
SustAt .         Harm     .     (no boots)
MR     .....                    (no amulet)
Stlth  ++........               (no ring)
                                (no ring)

@: not resistant to hostile enchantments, unstealthy
A: no food or potions, fire vulnerability, cold resistance 1, negative energy
resistance 3, torment resistance, unbreathing
a: no special abilities


You were on level 3 of the Dungeon.
You were not hungry.

You visited 1 branch of the dungeon, and saw 3 of its levels.

You collected 69 gold pieces.

Inventory:

Wands
 c - a wand of random effects (13/48)
Scrolls
 a - 2 scrolls of remove curse
 b - a scroll of blinking {unknown}
Comestibles
 f - 2 bread rations
 g - 4 fruits


   Skills:
 - Level 3.0 Fighting
 - Level 2.4 Dodging
 - Level 1.5 Stealth
 + Level 5.0 Unarmed Combat


You had 3 spell levels left.
You didn't know any spells.

Dungeon Overview and Level Annotations

Branches:
Dungeon (3/15)

Altars:


Innate Abilities, Weirdness & Mutations

You do not eat or drink.
Your flesh is vulnerable to fire.
You are immune to poison.
Your flesh is cold resistant.
You are immune to negative energy.
You are immune to unholy pain and torment.
You can survive without breathing.


Message History

The orc priest is moderately wounded.
The orc priest barely misses you.
You closely miss the orc priest.
The orc priest is moderately wounded.
The orc priest hits you with a flail.
* * * LOW HITPOINT WARNING * * *
You hit the orc priest.
The orc priest is severely wounded.
The orc priest hits you with a flail.
* * * LOW HITPOINT WARNING * * *
You hit the orc priest.
The orc priest is almost dead.
You closely miss the orc priest.
The orc priest is almost dead.
The orc priest hits you with a flail.
* * * LOW HITPOINT WARNING * * *
You closely miss the orc priest.
The orc priest is almost dead.
The orc priest hits you with a flail.
You die...

#######..##### #.##.#
#..# #.##.#
#..#######.##.#
##..........##.#
##..)##########.#
##.....## ###.##
##.......## ##.#..#
##.........####...#.#
#####'.........o@..÷....#
..#.##.........####...#.#
.##.###.......## ##.##.#
....# ##.....## ####.#
###.# ##...## #.#
###.######'## ##### #.#
.........#.# #...####.##
##.#####.#.# #.....†...#
...#####.#.## #...####.##


You could see an orc priest.

Vanquished Creatures
  5 adders
  A worm (D:2)
  2 dart slugs
  3 giant geckos
  2 orcs (D:3)
  2 giant cockroaches
  7 hobgoblins
  10 bats
  8 giant newts
  4 goblins
  2 kobolds
  11 rats
57 creatures vanquished.

Notes
Turn   | Place    | Note
--------------------------------------------------------------
     0 | D:1      | M4edhros the Mummy Monk began the quest for the Orb.
     0 | D:1      | Reached XP level 1. HP: 18/18 MP: 1/1
   342 | D:1      | Reached XP level 2. HP: 20/24 MP: 2/2
   810 | D:1      | Reached skill level 4 in Unarmed Combat
  1077 | D:2      | Found a faded altar to an unknown god.
  1108 | D:2      | Reached XP level 3. HP: 22/29 MP: 3/3
  3054 | D:2      | Reached XP level 4. HP: 28/35 MP: 4/4
  3718 | D:3      | Reached skill level 5 in Unarmed Combat
  4084 | D:3      | Slain by an orc priest

Vault maps used:
D:1:      eino_arrival_water_star, corexii_corridor_pit
D:2:      ecumenical_altar_1, minmay_misc_feat_square, hangedman_decor_opposing
D:3:      nicolae_overflow_hidden_temple, first_bread,
          kennysheep_generic_room_10

Skill      XL: |  1  2  3  4 |
---------------+-------------+-----
Unarmed Combat | 4 5 |  5.0
Fighting       | |  3.0
Dodging        | |  2.4
Stealth        | |  1.5

Action                   |  1- 3 |  4- 6 || total
-------------------------+-------+-------++-------
Melee: Unarmed           |   137 |    64 ||   201
  Use: Scroll            |       |     2 ||     2
 Stab: Sleeping          |     7 |     4 ||    11
       Distracted        |       |     1 ||     1
